 Dungeon Crawl Stone Soup version 0.30-a0-800-g7c544603b3 (webtiles) character file.

Game seed: 15250000062337062235

7656 porpoise the Covert (level 11, -3/81 HPs)
             Began as a Gnoll Enchanter on Feb 22, 2023.
             Was a Believer of Dithmenos.
             Slain by a centaur warrior
             ... wielding a +5 glaive of venom
              (21 damage)
             ... on level 10 of the Dungeon.
             The game lasted 00:50:35 (10397 turns).

porpoise the Covert (Gnoll Enchanter)              Turns: 10397, Time: 00:50:35

Health: -3/81      AC:  9    Str:  8    XL:     11   Next: 18%
Magic:  18/23      EV: 16    Int: 19    God:    Dithmenos [**....]
Gold:   492        SH:  0    Dex: 18    Spells: 10/26 levels left

rFire   . . .      SeeInvis +    b - +5 rapier (drain)
rCold   . . .      Faith    .    (no shield)
rNeg    + . .      Spirit   .    h - +2 leather armour {rPois}
rPois   +          Reflect  .    e - +0 helmet
rElec   .          Harm     .    j - +0 cloak of Woudgh {rN+ Will+ Regen+}
rCorr   .          Rampage  .    (no gloves)
Will    +....                    m - +0 pair of boots
Stlth   +++++                    (no amulet)
HPRegen 1.13/turn                M - ring of see invisible
MPRegen 0.18/turn                p - +6 ring of dexterity

@: lethally poisoned (-3 -> -7), confusing by touch, wreathed by umbra
A: fangs 1, strong nose, distributed training
a: Renounce Religion, Shadow Step


You were on level 10 of the Dungeon.
You worshipped Dithmenos.
Dithmenos was pleased with you.
You visited 2 branches of the dungeon, and saw 11 of its levels.
You also visited: Bailey.

You collected 1121 gold pieces.
You spent 629 gold pieces at shops.

Inventory:

Hand Weapons
 a - a +2 dagger of freezing
 b - a +5 rapier of draining (weapon)
 w - a +1 vampiric dagger
Missiles
 o - 15 curare-tipped darts (quivered)
 q - 2 datura-tipped darts
 r - 15 boomerangs
 s - 44 poisoned darts
 u - 8 atropa-tipped darts
 B - 2 boomerangs of dispersal
Armour
 e - a +0 helmet (worn)
 g - a +0 leather armour of fire resistance
 h - a +2 leather armour of poison resistance (worn)
 j - the +0 cloak of Woudgh (worn) {rN+ Will+ Regen+}
   (You bought it in a shop on level 7 of the Dungeon)

   rN:        It protects you from negative energy.
   Regen:     It increases your rate of health regeneration.
   Will:      It increases your willpower.
 m - a +0 pair of boots (worn)
 D - +0 steam dragon scales
Jewellery
 f - a +5 ring of evasion
 n - a ring of wizardry
 p - a +6 ring of dexterity (right hand)
 t - a ring of protection from fire
 H - a ring of flight
 M - a ring of see invisible (left hand)
Wands
 A - a wand of digging (5)
 K - a wand of acid (6)
Scrolls
 i - 2 scrolls of enchant weapon
 x - 3 scrolls of blinking
 y - 2 scrolls of vulnerability
 F - 2 scrolls of enchant armour
 I - a scroll of butterflies
 N - a scroll of immolation {unknown}
 O - a scroll of noise {unknown}
Potions
 c - 3 potions of invisibility
 d - 2 potions of flight
 k - a potion of lignification
 l - 3 potions of curing
 v - a potion of magic
 z - 2 potions of haste
 C - 2 potions of resistance
 E - 2 potions of mutation
 G - 2 potions of heal wounds
 J - 2 potions of attraction
 L - a potion of ambrosia {unknown}


   Skills:
 + Level 6.2 Fighting
 + Level 6.8 Short Blades
 + Level 6.2 Long Blades
 + Level 6.2 Axes
 + Level 6.2 Maces & Flails
 + Level 6.2 Polearms
 + Level 6.2 Staves
 + Level 6.2 Ranged Weapons
 + Level 6.2 Throwing
 + Level 6.2 Armour
 + Level 7.8 Dodging
 + Level 8.8 Stealth
 + Level 6.2 Shields
 + Level 6.2 Unarmed Combat
 + Level 8.1 Spellcasting
 + Level 5.2 Conjurations
 + Level 7.6 Hexes
 + Level 5.2 Summonings
 + Level 5.2 Necromancy
 + Level 5.2 Translocations
 + Level 5.2 Transmutations
 + Level 5.2 Fire Magic
 + Level 5.2 Ice Magic
 + Level 5.2 Air Magic
 + Level 5.2 Earth Magic
 + Level 5.2 Poison Magic
 + Level 6.9 Invocations
 + Level 6.2 Evocations


You had 10 spell levels left.
You knew the following spells:

 Your Spells              Type           Power      Damage    Failure   Level
a - Confusing Touch       Hex            36%        N/A       1%          3
b - Lesser Beckoning      Tloc           54%        N/A       2%          2
d - Dazzling Flash        Conj/Hex       64%        N/A       2%          3
e - Ensorcelled Hibernat  Hex/Ice        64%        N/A       1%          2
t - Tukima's Dance        Hex            36%        N/A       1%          3
w - Swiftness             Air            27%        N/A       4%          3

Your spell library contained the following spells:

 Spells                   Type           Power      Damage    Failure   Level
 Apportation              Tloc           54%        N/A       1%          1
 Shock                    Conj/Air       100%       1d9       1%          1
 Slow                     Hex            100%       N/A       1%          1
 Summon Small Mammal      Summ           100%       N/A       1%          1
 Sublimation of Blood     Necr           27%        N/A       2%          2
 Wereblood                Tmut           27%        N/A       2%          2
 Summon Guardian Golem    Hex/Summ       32%        N/A       2%          3
 Call Canine Familiar     Summ           27%        N/A       4%          3
 Gell's Gravitas          Tloc           27%        N/A       4%          3
 Teleport Other           Tloc           27%        N/A       4%          3
 Vampiric Draining        Necr           27%        2d7       4%          3
 Airstrike                Air            13%        2d(2-18)  14%         4
 Alistair's Intoxication  Tmut/Pois      18%        N/A       36%         5
 Summon Hydra             Summ           13%        N/A       100%        7


Dungeon Overview and Level Annotations

Branches:
Dungeon (10/15)            Temple (1/1) D:6          Bailey (visited)
   Lair: D:8-11         Orc: D:9-12

Altars:
Ashenzari
Cheibriados
Dithmenos
Elyvilon
Fedhas
Gozag
Hepliaklqana
Kikubaaqudgha
Makhleb
Nemelex Xobeh
Okawaru
Qazlal
Ru
Sif Muna
Trog
Uskayaw
Vehumet
Wu Jian
Xom
Yredelemnul
Zin
The Shining One

Shops:
D:7 *(=*?

Annotations:
D:5 2 transporters
D:6 2 transporters, monoptic's ghost, novice DjFE
D:10 Nergalle; Psyche


Innate Abilities, Weirdness & Mutations

You have very sharp teeth.
Your uncanny sense of smell can sniff out nearby items.
Your experience applies equally to all skills.


Message History

You kill the ice dragon!
Dithmenos accepts your kill.
You start resting.
Magic restored.
You start resting.
A centaur warrior comes into view. It is wielding a +5 glaive of venom.
You start resting.
A centaur warrior opens the door.
It is wielding a +5 glaive of venom.
A yak comes into view.
The centaur warrior hits you with a +5 glaive of venom.
The centaur warrior kicks you.
Casting: Confusing Touch (safe; 1% risk of failure)
Confirm with . or Enter, or press ? or * to list all spells.
Aiming: Ensorcelled Hibernation (safe; 1% risk of failure)
Press: ? - help, Shift-Dir - straight line, f - centaur warrior
Aim: a centaur warrior, wielding a +5 glaive of venom (umbra, chance to affect: 44%)
The centaur warrior resists with some effort.
The yak bellows!
You hear a bellow!
You hear a shout!
A yak comes into view.
The centaur warrior hits you with a +5 glaive of venom!
* * * LOW HITPOINT WARNING * * *
You are poisoned.
The centaur warrior closely misses you.
You hear a bellow!
Casting: Ensorcelled Hibernation (safe; 1% risk of failure)
Confirm with . or Enter, or press ? or * to list all spells.
Aiming: Ensorcelled Hibernation (safe; 1% risk of failure)
Press: ? - help, Shift-Dir - straight line, f/p - centaur warrior
Aim: a centaur warrior, wielding a +5 glaive of venom (umbra, chance to affect: 44%)
Okay, then.
Unknown command.
Casting: Ensorcelled Hibernation (safe; 1% risk of failure)
Confirm with . or Enter, or press ? or * to list all spells.
Your hands begin to glow red.
The yak bellows!
You feel very sick. The centaur warrior closely misses you.
The centaur warrior kicks you but does no damage.
The centaur warrior hits you with a +5 glaive of venom!!
You die...

###.#.###.#
#...#...#.#
#.#####.#.# ∆
#..†..#...# .
#####'#####
.. ∆ #.#.##
.# #.###.##
..## #.#
##.## ...Y.
#.#
∆∆∆##@#......
+. ∆ ∆
#.c....Y. #
∆∆∆##.#......
##.##..#...
#.## ## ##
#.## #'# ...
.c.


You could see a centaur warrior and a yak.

Vanquished Creatures
  An ice dragon (D:10)
  An ogre mage (D:10)
  A two-headed ogre (D:9)
  An orc knight (Bailey)
  Maggie (D:7)
  A komodo dragon (D:10)
  A troll (D:9)
  A shadow (D:9)
  A water moccasin (D:8)
  Duvessa (D:7)
  A black bear (D:5)
  4 orc warriors
  A sky beast (D:6)
  3 ice beasts
  2 ogres
  3 centaurs
  2 phantoms
  8 kobold brigands
  3 bullfrogs
  A gnoll sergeant (D:9)
  3 scorpions
  8 wights
  Dowan (D:7)
  7 killer bees
  A howler monkey (D:10)
  3 orc priests
  7 hounds
  A gnoll bouda (D:4)
  4 iguanas
  6 orc wizards
  16 gnolls
  3 adders
  A shadow imp (D:5)
  A worm (D:3)
  5 dart slugs
  24 orcs
  10 ball pythons
  8 bats
  7 endoplasms
  3 giant cockroaches
  7 hobgoblins
  2 jackals (D:1)
  30 kobolds
  4 quokkas
  A frilled lizard (D:3)
  10 goblins
  9 rats
220 creatures vanquished.

Vanquished Creatures (collateral kills)
  2 orc warriors (Bailey)
  A kobold brigand (Bailey)
  A gnoll (D:6)
  A kobold (D:7)
5 creatures vanquished.

Vanquished Creatures (others)
  2 dancing weapons
  A gnoll (D:4)
  An orc (D:4)
4 creatures vanquished.

Grand Total: 229 creatures vanquished

Notes
Turn   | Place    | Note
-------+----------+-------------------------------------------
     0 | D:1      | porpoise the Gnoll Enchanter began the quest for the Orb.
     0 | D:1      | Reached XP level 1. HP: 13/13 MP: 6/6
   129 | D:1      | Reached XP level 2. HP: 19/19 MP: 7/7
   134 | D:1      | Learned a level 2 spell: Ensorcelled Hibernation
   415 | D:1      | Reached skill level 5 in Spellcasting
   415 | D:1      | Reached XP level 3. HP: 25/25 MP: 7/9
   419 | D:1      | Learned a level 3 spell: Confusing Touch
   423 | D:1      | Learned a level 3 spell: Tukima's Dance
   690 | D:1      | Reached skill level 1 in Invocations
  1183 | D:2      | Reached skill level 1 in Fighting
  1183 | D:2      | Reached skill level 1 in Long Blades
  1183 | D:2      | Reached skill level 1 in Axes
  1183 | D:2      | Reached skill level 1 in Maces & Flails
  1183 | D:2      | Reached skill level 1 in Polearms
  1183 | D:2      | Reached skill level 1 in Staves
  1183 | D:2      | Reached skill level 1 in Ranged Weapons
  1183 | D:2      | Reached skill level 1 in Throwing
  1183 | D:2      | Reached skill level 1 in Armour
  1183 | D:2      | Reached skill level 1 in Shields
  1183 | D:2      | Reached skill level 1 in Unarmed Combat
  1183 | D:2      | Reached skill level 1 in Evocations
  1495 | D:2      | Reached XP level 4. HP: 12/32 MP: 2/11
  1794 | D:2      | Found a burning altar of Makhleb.
  2242 | D:3      | Reached skill level 1 in Conjurations
  2242 | D:3      | Reached skill level 1 in Summonings
  2242 | D:3      | Reached skill level 1 in Necromancy
  2242 | D:3      | Reached skill level 1 in Translocations
  2242 | D:3      | Reached skill level 1 in Transmutations
  2242 | D:3      | Reached skill level 1 in Fire Magic
  2242 | D:3      | Reached skill level 1 in Ice Magic
  2242 | D:3      | Reached skill level 1 in Air Magic
  2242 | D:3      | Reached skill level 1 in Earth Magic
  2242 | D:3      | Reached skill level 1 in Poison Magic
  2753 | D:3      | Noticed an orc warrior
  2806 | D:3      | Killed an orc warrior
  2807 | D:3      | Reached XP level 5. HP: 38/38 MP: 8/12
  2913 | D:3      | You fall into a shaft and drop 2 floors!
  2913 | D:5      | Entered Level 5 of the Dungeon
  2920 | D:5      | Reached XP level 6. HP: 44/44 MP: 14/14
  3031 | D:5      | Reached skill level 5 in Dodging
  3117 | D:5      | Noticed a black bear
  3123 | D:5      | Killed a black bear
  3124 | D:5      | Reached XP level 7. HP: 41/51 MP: 12/15
  4597 | D:5      | Found a transporter.
  4713 | D:4      | Reached XP level 8. HP: 47/58 MP: 13/16
  4944 | D:5      | Found a transporter.
  5065 | D:5      | Found a hazy altar of Hepliaklqana.
  5065 | D:5      | Found a stormy altar of Qazlal.
  5365 | D:6      | Found a staircase to the Ecumenical Temple.
  5378 | Temple   | Entered the Ecumenical Temple
  5580 | Temple   | Became a worshipper of Dithmenos the Shadowed
  6200 | D:6      | Found a transporter.
  6201 | D:6      | Found a transporter.
  6201 | D:6      | Noticed monoptic's ghost (novice DjFE)
  6480 | D:6      | Reached XP level 9. HP: 65/65 MP: 15/18
  6710 | D:7      | Found Plog's Magic Scroll Emporium.
  6715 | D:7      | Bought a scroll of blinking for 82 gold pieces
  6745 | D:7      | Found a flagged portal.
  6779 | Bailey   | Entered a bailey
  6816 | Bailey   | Reached * piety under Dithmenos
  6832 | Bailey   | Reached skill level 5 in Short Blades
  6980 | Bailey   | Noticed an orc knight
  7012 | Bailey   | Killed an orc knight
  7180 | Bailey   | Reached skill level 5 in Invocations
  7197 | Bailey   | Found a bloodstained altar of Trog.
  7357 | D:7      | Found Fudaen's Assorted Antiques.
  7363 | D:7      | Found Kiemuk's Jewellery Emporium.
  7417 | D:7      | Bought a glowing inky potion for 18 gold pieces
  7417 | D:7      | Bought a scroll labelled JYJUJU EMESET for 20 gold pieces
  7543 | D:7      | Found Nuzeadus's Antique Weapon Boutique.
  7546 | D:7      | Noticed Maggie
  7556 | D:7      | Noticed Dowan
  7557 | D:7      | Killed Maggie
  7558 | D:7      | Reached skill level 5 in Fighting
  7558 | D:7      | Reached skill level 5 in Long Blades
  7558 | D:7      | Reached skill level 5 in Axes
  7558 | D:7      | Reached skill level 5 in Maces & Flails
  7558 | D:7      | Reached skill level 5 in Polearms
  7558 | D:7      | Reached skill level 5 in Staves
  7558 | D:7      | Reached skill level 5 in Ranged Weapons
  7558 | D:7      | Reached skill level 5 in Throwing
  7558 | D:7      | Reached skill level 5 in Armour
  7558 | D:7      | Reached skill level 5 in Shields
  7558 | D:7      | Reached skill level 5 in Unarmed Combat
  7558 | D:7      | Reached skill level 5 in Evocations
  7558 | D:7      | Reached XP level 10. HP: 66/74 MP: 15/20
  7558 | D:7      | Noticed Duvessa
  7559 | D:7      | Killed Dowan
  7571 | D:7      | Killed Duvessa
  7727 | D:7      | Learned a level 2 spell: Lesser Beckoning
  7842 | D:7      | Found Keubbip's General Store.
  7849 | D:7      | Bought 2 potions of heal wounds for 110 gold pieces
  7849 | D:7      | Bought the +0 cloak of Woudgh {rN+ Will+ Regen+} for 234
                  | gold pieces
  7859 | D:7      | Learned a level 3 spell: Swiftness
  7863 | D:7      | Learned a level 3 spell: Dazzling Flash
  8450 | D:8      | Reached ** piety under Dithmenos
  9582 | D:7      | Bought a ring of see invisible for 165 gold pieces
  9807 | D:9      | Noticed a two-headed ogre
  9813 | D:9      | Killed a two-headed ogre
 10158 | D:10     | Entered Level 10 of the Dungeon
 10169 | D:10     | Noticed Nergalle
 10169 | D:10     | Noticed Psyche
 10181 | D:10     | Noticed a spectral orc warlord
 10190 | D:10     | Noticed an ogre mage
 10260 | D:10     | Killed an ogre mage
 10261 | D:10     | Reached skill level 5 in Conjurations
 10261 | D:10     | Reached skill level 5 in Summonings
 10261 | D:10     | Reached skill level 5 in Necromancy
 10261 | D:10     | Reached skill level 5 in Translocations
 10261 | D:10     | Reached skill level 5 in Transmutations
 10261 | D:10     | Reached skill level 5 in Fire Magic
 10261 | D:10     | Reached skill level 5 in Ice Magic
 10261 | D:10     | Reached skill level 5 in Air Magic
 10261 | D:10     | Reached skill level 5 in Earth Magic
 10261 | D:10     | Reached skill level 5 in Poison Magic
 10261 | D:10     | Reached XP level 11. HP: 39/81 MP: 20/23
 10358 | D:10     | Noticed an ice dragon
 10375 | D:10     | Killed an ice dragon
 10383 | D:10     | Noticed a centaur warrior
 10397 | D:10     | Slain by a centaur warrior

Illustrated notes

Levels and vault maps discovered:
D:1:      amcnicky_arrival_flooded_fountain, layout_rooms, minmay_heptomino_o4
D:2:      layout_loops_ring, basic_altar, nicolae_hexahallways,
          minmay_close_crescents
D:3:      layout_basic
D:4:      layout_cave_pools, kennysheep_another_room
D:5:      gammafunk_wand_slinger, layout_basic, amethyst_overflow_temple_binary,
          hangedman_decor_riveting
D:6:      layout_cave_pods, minmay_temple_entry_junction, gammafunk_ghost_arena,
          chequers_serial_rivers_large_a
D:7:      layout_rooms, serial_shops, shop, nicolae_lakefront_shop, shop,
          nicolae_square_shop, nicolae_shop_waterfront, serial_co_window_serial,
          co_window_of_opportunity_a, co_window_paths_a, co_window_paths_a,
          co_window_paths_a, co_window_paths_b, co_window_paths_a,
          co_window_of_opportunity_b, co_window_corner_ca,
          co_window_unsneaky_path_d, co_window_paths_e, glass_columns_b,
          glass_columns_a, enter_bailey_3, uniq_maggie, uniq_duvessa
D:8:      layout_basic
D:9:      layout_irregular_city
D:10:     layout_cave_pools, minmay_the_grid_2x2 [minmay_the_grid_expand,
          minmay_the_grid_holed_spiral, minmay_the_grid_paths,
          minmay_the_grid_prize_diamond_cup], uniq_psyche, uniq_sonja,
          uniq_nergalle
Temple:   nicolae_temple_slightly_damp_pantheon

Skill      XL: |  1  2  3  4  5  6  7  8  9 10 |
---------------+-------------------------------+-----
Spellcasting   | 5 6 7 8 |  8.1
Stealth        | 6 7 8 |  8.8
Invocations    | 1 2 3 4 5 6 |  6.9
Fighting       | 1 2 3 5 6 |  6.2
Long Blades    | 1 2 3 5 6 |  6.2
Axes           | 1 2 3 5 6 |  6.2
Maces & Flails | 1 2 3 5 6 |  6.2
Polearms       | 1 2 3 5 6 |  6.2
Staves         | 1 2 3 5 6 |  6.2
Ranged Weapons | 1 2 3 5 6 |  6.2
Throwing       | 1 2 3 5 6 |  6.2
Armour         | 1 2 3 5 6 |  6.2
Shields        | 1 2 3 5 6 |  6.2
Unarmed Combat | 1 2 3 5 6 |  6.2
Evocations     | 1 2 3 5 6 |  6.2
Conjurations   | 1 2 3 4 5 |  5.2
Summonings     | 1 2 3 4 5 |  5.2
Necromancy     | 1 2 3 4 5 |  5.2
Translocations | 1 2 3 4 5 |  5.2
Transmutations | 1 2 3 4 5 |  5.2
Fire Magic     | 1 2 3 4 5 |  5.2
Ice Magic      | 1 2 3 4 5 |  5.2
Air Magic      | 1 2 3 4 5 |  5.2
Earth Magic    | 1 2 3 4 5 |  5.2
Poison Magic   | 1 2 3 4 5 |  5.2
Short Blades   | 3 4 5 6 |  6.8
Dodging        | 5 6 7 |  7.8
Hexes          | 6 7 |  7.6

Action                     |  1- 3 |  4- 6 |  7- 9 | 10-12 || total
---------------------------+-------+-------+-------+-------++-------
  Melee: Dagger            |    93 |    75 |   221 |   139 ||   528
         Bite              |     6 |    11 |    16 |    32 ||    65
         Punch             |       |     2 |     4 |     6 ||    12
         Rapier            |       |       |       |    68 ||    68
  Throw: Dart              |       |       |     8 |     2 ||    10
   Cast: Ensorcelled Hiber |    31 |    13 |    68 |    14 ||   126
         Confusing Touch   |       |     7 |    13 |    14 ||    34
         Tukima's Dance    |       |       |     2 |     3 ||     5
         Dazzling Flash    |       |       |       |     7 ||     7
  Evoke: Wand              |       |       |       |     3 ||     3
    Use: Scroll            |       |     4 |     9 |     5 ||    18
         Potion            |       |     2 |       |     2 ||     4
   Stab: Sleeping          |    23 |    15 |    58 |    17 ||   113
         Confused          |       |     6 |    11 |    15 ||    32
         Distracted        |       |     1 |     4 |     1 ||     6
         Invisible         |       |       |       |     7 ||     7
 Armour: Robe              |    13 |    10 |    16 |       ||    39
         Leather armour    |       |       |       |    31 ||    31
  Dodge: Dodged            |    86 |    54 |   133 |   226 ||   499

Table legend: (Time is in decaauts)
 A = Elapsed time spent in this place.
 B = Non-inter-level travel time spent in this place.
 C = Inter-level travel time spent in this place.
 D = Time resting spent in this place.
 E = Time spent auto-exploring this place.
 F = Levels seen in this place.
 G = Mean time per level.
                   A        B        C        D        E       F      G
               +--------+--------+--------+--------+--------+-----+--------+
         Total |  10295 |   9937 |    358 |   2969 |   4732 |  12 |  857.9 |
       Dungeon |   9499 |   9196 |    303 |   2669 |   4585 |  10 |  949.9 |
        Temple |    223 |    168 |     55 |      0 |    147 |   1 |  223.0 |
        Bailey |    571 |    571 |      0 |    300 |      0 |   1 |  571.0 |
               +--------+--------+--------+--------+--------+-----+--------+

Top non-repeatable levels by time:
     D:3: 1235 daAuts
     D:6: 1131 daAuts
     D:8: 1093 daAuts
     D:1: 1088 daAuts
     D:5: 1064 daAuts
     D:2: 979 daAuts
     D:4: 932 daAuts
     D:9: 886 daAuts
     D:7: 865 daAuts
  Bailey: 571 daAuts
  Temple: 223 daAuts
    D:10: 222 daAuts
